 Dungeon Crawl Stone Soup version 0.27-a0-1513-g2aaa0cc67b (webtiles) character file.

Game seed: 696338911442454022

54769 apoch the Cleaver (level 14, -4/133 HPs)
             Began as a Minotaur Fighter on July 8, 2021.
             Was the Champion of Ru.
             Killed from afar by an acid blob (17 damage)
             ... with a splash of acid
             ... on level 6 of the Lair of Beasts on July 9, 2021.
             The game lasted 00:50:57 (16610 turns).

apoch the Cleaver (Minotaur Fighter)               Turns: 16610, Time: 00:50:58

Health: -4/133     AC:  1    Str: 25    XL:     14   Next: 35%
Magic:  13/13      EV: 10    Int:  5    God:    Ru [******]
Gold:   1083       SH: 11    Dex: 11    Spells: 13/13 levels left

rFire    . . .     SeeInvis .   a - +1 war axe (spect)
rCold    x . .     Faith    .   c - +1 kite shield
rNeg     . . .     Spirit   .   r - +2 chain mail {rPois}
rPois    +         Reflect  .   (helmet restricted)
rElec    .         Harm     .   O - +0 cloak
rCorr    .         Rampage  .   (no gloves)
Will     +....                  (no boots)
Stlth    ..........             B - amulet of regeneration
HPRegen  1.32/turn              q - +4 ring of evasion
MPRegen  0.13/turn              z - ring of protection from fire

@: corroded
A: horns 2, inability to use devices, inability to train dodging, no earth
magic, no translocations magic, no transmutations magic, temperature sensitive,
retaliatory headbutt
a: Renounce Religion, Draw Out Power, Power Leap, Apocalypse


You were on level 6 of the Lair of Beasts.
You worshipped Ru.
Ru was exalted by your worship.
You visited 2 branches of the dungeon, and saw 16 of its levels.
You also visited: Sewer and Ossuary.

You collected 1083 gold pieces.

Inventory:

Hand Weapons
 a - a +1 spectral war axe (weapon)
 b - the +5 mace of Dawn {vorpal, rPois}
   (You found it on level 2 of the Lair of Beasts)

   It inflicts extra damage upon your enemies.
   rPois:     It protects you from poison.
 w - a +0 battleaxe
 J - a +3 battleaxe
 K - a +4 whip of holy wrath
Missiles
 k - 269 stones (quivered)
 s - 3 atropa-tipped darts
 C - 7 poisoned darts
 E - 3 curare-tipped darts
 Q - 2 silver boomerangs
Armour
 c - a +1 kite shield (worn)
 r - a +2 chain mail of poison resistance (worn)
 O - a +0 cloak (worn)
Jewellery
 l - a +6 ring of intelligence
 q - a +4 ring of evasion (left hand)
 t - a ring of willpower
 u - a ring of resist corrosion
 z - a ring of protection from fire (right hand)
 B - an amulet of regeneration (around neck)
 H - a ring of willpower
 I - a +4 ring of evasion
Scrolls
 d - 6 scrolls of blinking
 i - 3 scrolls of immolation
 j - 4 scrolls of amnesia
 m - 7 scrolls of enchant armour
 n - 3 scrolls of enchant weapon
 o - 4 scrolls of fear
 v - 3 scrolls of silence
 x - 15 scrolls of teleportation
 y - 2 scrolls of identify
 G - 3 scrolls of magic mapping
 M - 2 scrolls of summoning
Potions
 e - 4 potions of berserk rage
 f - 3 potions of flight
 g - 2 potions of ambrosia
 h - 2 potions of cancellation {unknown}
 p - 9 potions of curing
 A - 3 potions of brilliance
 D - a potion of lignification
 F - a potion of resistance
 L - a potion of attraction
 N - a potion of heal wounds
 P - a potion of mutation
 R - a potion of haste


   Skills:
 + Level 14.8 Fighting
 + Level 14.9 Axes
 - Level 10.0 Throwing
 + Level 14.9 Armour
   Level 0.0 Dodging
 - Level 3.6 Shields


You had 13 spell levels left.
You didn't know any spells.
Your spell library contained the following spells:

 Spells                   Type           Power      Damage    Failure   Level
 Freeze                   Ice            0%         1d3       100%        1
 Ensorcelled Hibernation  Hex/Ice        0%         N/A       100%        2
 Slow                     Hex            0%         N/A       100%        2
 Confusing Touch          Hex            0%         N/A       100%        3
 Frozen Ramparts          Ice            0%         1d2       100%        3
 Swiftness                Air            0%         N/A       100%        3
 Vampiric Draining        Necr           0%         2d6       100%        3
 Animate Dead             Necr           0%         N/A       100%        4
 Hailstorm                Conj/Ice       0%         3d3       100%        4
 Olgreb's Toxic Radiance  Pois           0%         N/A       100%        4
 Invisibility             Hex            0%         N/A       100%        6
 Shadow Creatures         Summ           N/A        N/A       100%        6
 Haunt                    Necr/Summ      0%         N/A       100%        7
 Ozocubu's Refrigeration  Ice            0%         4d5       100%        7
 Ignition                 Fire           0%         3d3       100%        8
 Infestation              Necr           0%         N/A       100%        8
 Beastly Appendage        Tmut           Unusable   N/A       N/A         1
 Sandblast                Erth           Unusable   2d4       N/A         1
 Blink                    Tloc           Unusable   N/A       N/A         2
 Passwall                 Tmut/Erth      Unusable   N/A       N/A         2
 Wereblood                Tmut           Unusable   N/A       N/A         2
 Lesser Beckoning         Tloc           Unusable   N/A       N/A         3
 Spider Form              Tmut/Pois      Unusable   N/A       N/A         3
 Lee's Rapid Deconstruct  Erth           Unusable   3d5*      N/A         5
 Manifold Assault         Tloc           Unusable   N/A       N/A         5

Dungeon Overview and Level Annotations

Branches:
Dungeon (10/15)            Temple (0/1) D:4            Lair (6/6) D:10
  Swamp (0/4) Lair:2       Spider (0/4) Lair:4        Slime (0/5) Lair:6
    Orc (0/2) D:9           Sewer (visited)         Ossuary (visited)

Altars:
Ashenzari
Cheibriados
Dithmenos
Elyvilon
Gozag
Hepliaklqana
Makhleb
Okawaru
Qazlal
Ru
Uskayaw
Vehumet
Wu Jian
Yredelemnul
Beogh
Jiyva

Shops:
D:9 *

Portals:
Trove: D:10 (give +2 shadow dragon scales)


Innate Abilities, Weirdness & Mutations

You have a pair of horns on your head.
You cannot study or use magical devices.
You cannot train Dodging skill.
You cannot study or cast Earth magic.
You cannot study or cast Translocations magic.
You cannot study or cast Transmutations magic.
You are sensitive to extremes of temperature. (rF-, rC-)
You reflexively headbutt those who attack you in melee.


Message History

The splash of acid hits you!
You are splashed with acid!
You redirect the acid blob's attack!
The acid blob spits acid at itself.
The splash of acid hits the acid blob.
The acid blob completely resists.
You redirect the acid blob's attack!
The acid blob hits you but does no damage.
You slash the acid blob! The acid corrodes you!
Your hands burn!
You headbutt the acid blob.
The acid blob is moderately wounded.
Your spectral +1 spectral war axe hits the acid blob!
Your spectral +1 spectral war axe is burned by acid!
Your spectral weapon shares its damage with you!
The acid blob spits acid at you. The splash of acid hits you!
The acid corrodes you!
You are splashed with acid!
You slash the acid blob!
Your hands burn!
The acid blob is heavily wounded.
Your spectral +1 spectral war axe hits the acid blob!!
Your spectral +1 spectral war axe is burned by acid!
Your spectral weapon shares its damage with you!
The acid blob hits you!
You are splashed with acid.
You redirect the acid blob's attack!
You hit the acid blob but do no damage.
Your hands burn!
* * * LOW HITPOINT WARNING * * *
The acid blob is almost dead.
Your spectral +1 spectral war axe hits the acid blob!!
Your spectral +1 spectral war axe is burned by acid!
The acid blob barely misses you.
Unknown command.
The acid blob begins to attack, but is stunned by your conviction!
You redirect the acid blob's attack!
The acid blob spits acid at itself.
The splash of acid hits the acid blob.
The acid blob completely resists.
The acid blob spits acid at you. The splash of acid hits you!
* * * LOW HITPOINT WARNING * * *
The acid corrodes you!
You are splashed with acid!
* * * LOW HITPOINT WARNING * * *
The acid blob spits acid at you. The splash of acid hits you!
You die...

### ### ##.# ######.###
####..######.#.##.#.#
##........#..#.......# ###
##.§JJ...@.........<..#
#.P.#.##.##J##..........(....#
....<.#..#._J#...............#
.......#.#.J.#...............#
.......#.#.>.#...............#
.........#####...............#
.............................#
.............................#
..............<..............#


You could see 3 acid blobs.

Vanquished Creatures
  A catoblepas (Lair:3)
  Harold (Lair:2)
  7 hydras
  A death yak (Lair:3)
  3 two-headed ogres
  Sonja (Lair:5)
  Pikel (D:6)
  3 lindwurms
  2 oklob plants (Lair:5)
  A cyclops (D:9)
  6 black mambas
  14 elephants
  13 cane toads
  2 torpor snails
  Maggie (D:5)
  10 rime drakes
  14 komodo dragons
  3 trolls (D:9)
  Grinder (D:5)
  4 polar bears
  2 hornets
  9 dream sheep
  14 blink frogs
  A spriggan (Lair:2)
  Sigmund (D:3)
  4 wyverns
  Eustachio (D:6)
  4 basilisks
  35 yaks
  2 steam dragons
  Edmund (D:4)
  Duvessa (D:6)
  6 water moccasins
  Purgy (Sewer)
  10 orc warriors
  3 black bears
  2 ice beasts
  48 wolves
  3 ogres
  5 centaurs
  4 lemures (D:6)
  2 kobold brigands (D:5)
  14 bullfrogs
  7 scorpions
  Dowan (D:6)
  4 killer bees (D:9)
  7 wights
  2 electric eels
  2 howler monkeys
  10 centaur zombies
  Crazy Yiuf (D:2)
  4 human zombies (Ossuary)
  A bullfrog skeleton (D:7)
  2 hounds (D:6)
  2 jellies
  A centaur skeleton (D:7)
  A gnoll shaman (D:9)
  6 orc priests
  Natasha (D:2)
  5 orc wizards
  5 iguanas
  A scorpion zombie (Ossuary)
  6 hell rats
  2 hound skeletons
  3 mummies (Ossuary)
  Robin (D:2)
  6 adders
  4 gnolls (D:9)
  A howler monkey skeleton (D:5)
  2 shadow imps (D:7)
  2 white imps (D:6)
  An ufetubus (D:4)
  7 worms
  6 dart slugs
  15 orcs
  15 bats
  8 endoplasms
  4 giant cockroaches
  2 gnoll zombies (Ossuary)
  13 goblins
  8 hobgoblins
  18 jackals
  14 kobolds
  5 quokkas
  9 ball pythons
  4 frilled lizards
  A goblin zombie (Ossuary)
  A hobgoblin zombie (Ossuary)
  A kobold zombie (Ossuary)
  2 orc zombies (Ossuary)
  A quokka zombie (D:4)
  13 rats
  A rat zombie (D:4)
501 creatures vanquished.

Vanquished Creatures (others)
  2 hydras (Lair:1)
  An elephant (Lair:5)
  2 orc warriors
  A wolf (Lair:1)
  3 scorpions
  A goblin (D:2)
  39 fungi
  50 plants
  11 toadstools (Lair:3)
110 creatures vanquished.

Grand Total: 611 creatures vanquished

Notes
Turn   | Place    | Note
-------+----------+-------------------------------------------
     0 | D:1      | apoch the Minotaur Fighter began the quest for the Orb.
     0 | D:1      | Reached XP level 1. HP: 19/19 MP: 0/0
    85 | D:1      | Reached XP level 2. HP: 24/27 MP: 1/1
   211 | D:1      | Found a faded altar of an unknown god.
   235 | D:1      | Became a worshipper of Ru the Awakened
   271 | D:1      | Gained mutation: You are sensitive to extremes of
                  | temperature. (rF-, rC-) [Ru sacrifice]
   271 | D:1      | Reached * piety under Ru
   271 | D:1      | Reached ** piety under Ru
   371 | D:1      | Reached XP level 3. HP: 29/33 MP: 2/2
   974 | D:2      | Reached XP level 4. HP: 41/41 MP: 3/3
  1185 | D:2      | Found a runed translucent door.
  1186 | D:2      | Noticed Crazy Yiuf
  1192 | D:2      | Killed Crazy Yiuf
  1196 | D:2      | Upgraded the game from 0.27-a0-1502-g47ed6a6988 to
                  | 0.27-a0-1513-g2aaa0cc67b
  1428 | D:2      | Noticed Robin
  1429 | D:2      | Noticed Natasha
  1438 | D:2      | Killed Robin
  1440 | D:2      | Killed Natasha
  1441 | D:2      | Reached skill level 5 in Fighting
  1441 | D:2      | Reached skill level 5 in Armour
  1441 | D:2      | Reached XP level 5. HP: 36/48 MP: 4/4
  2281 | D:3      | Gained mutation: You cannot study or use magical devices.
                  | [Ru sacrifice]
  2281 | D:3      | Reached *** piety under Ru
  2281 | D:3      | Reached **** piety under Ru
  2321 | D:3      | Found a broken altar of Ashenzari.
  2333 | D:3      | Noticed Sigmund
  2348 | D:3      | Killed Sigmund
  2349 | D:3      | Reached skill level 5 in Axes
  2349 | D:3      | Reached XP level 6. HP: 17/57 MP: 5/5
  2901 | D:3      | Found a stormy altar of Qazlal.
  3184 | D:4      | Found a sand-covered staircase.
  3193 | Ossuary  | Entered an ossuary
  3255 | Ossuary  | Reached XP level 7. HP: 64/64 MP: 6/6
  3588 | D:4      | Found a glowing drain.
  3595 | D:4      | Noticed Edmund
  3608 | D:4      | Killed Edmund
  3609 | D:4      | Reached XP level 8. HP: 56/73 MP: 7/7
  3613 | Sewer    | Entered a sewer
  3695 | Sewer    | Noticed Purgy
  3707 | Sewer    | Killed Purgy
  4046 | D:4      | Found a staircase to the Ecumenical Temple.
  4428 | D:5      | Entered Level 5 of the Dungeon
  4829 | D:5      | Found a burning altar of Makhleb.
  4887 | D:5      | Found an opulent altar of Gozag.
  4927 | D:5      | Found a hazy altar of Hepliaklqana.
  4935 | D:5      | Found a faded altar of an unknown god.
  4957 | D:5      | Found a hide-covered altar of Uskayaw.
  5186 | D:5      | Found an ornate altar of the Wu Jian Council.
  5484 | D:6      | Noticed Maggie
  5484 | D:6      | Noticed Grinder
  5490 | D:5      | Killed Grinder
  5656 | D:5      | Reached XP level 9. HP: 80/83 MP: 8/8
  5674 | D:5      | Killed Maggie
  5739 | D:6      | Noticed Pikel
  5749 | D:6      | Noticed Duvessa
  5751 | D:6      | Noticed Dowan
  5752 | D:6      | Killed Pikel
  5757 | D:6      | Killed Dowan
  5758 | D:6      | Killed Duvessa
  5871 | D:6      | Reached skill level 10 in Fighting
  5880 | D:6      | Reached skill level 10 in Axes
  5880 | D:6      | Reached skill level 10 in Armour
  5880 | D:6      | Reached skill level 1 in Throwing
  5880 | D:6      | Reached skill level 1 in Dodging
  6465 | D:6      | Noticed Eustachio
  6475 | D:6      | Killed Eustachio
  6622 | D:7      | Reached XP level 10. HP: 83/93 MP: 9/9
  6854 | D:7      | Identified the +0 ring mail of Chill Winds {rPois rF- rN+++
                  | Int-2}
  7186 | D:7      | Found a white marble altar of Elyvilon.
  7320 | D:7      | Found a snail-covered altar of Cheibriados.
  7667 | D:7      | Reached skill level 5 in Dodging
  7740 | D:8      | Noticed a two-headed ogre
  7752 | D:7      | Killed a two-headed ogre
  7753 | D:7      | Reached skill level 5 in Throwing
  7977 | D:8      | Found a sacrificial altar of Ru.
  8452 | D:8      | Found a shadowy altar of Dithmenos.
  8648 | D:9      | Found Moenuan's Merry Market.
  8714 | D:9      | Noticed a two-headed ogre
  8722 | D:9      | Killed a two-headed ogre
  8723 | D:9      | Reached XP level 11. HP: 99/99 MP: 10/10
  9010 | D:9      | Found a staircase to the Orcish Mines.
  9086 | D:9      | Found a basalt altar of Yredelemnul.
  9707 | D:10     | Entered Level 10 of the Dungeon
  9788 | D:10     | Noticed a two-headed ogre
  9799 | D:10     | Killed a two-headed ogre
 10015 | D:10     | Found an iron altar of Okawaru.
 10087 | D:10     | Found a staircase to the Lair.
 10268 | D:10     | Found a portal to a secret trove of treasure.
 10308 | D:10     | Identified the +6 trident of Brawling {vorpal, rPois Str+3}
 10522 | D:10     | Gained mutation: You cannot train Dodging skill. [Ru
                  | sacrifice]
 10522 | D:10     | Reached ***** piety under Ru
 10553 | D:10     | Found a radiant altar of Vehumet.
 10694 | Lair:1   | Entered Level 1 of the Lair of Beasts
 10807 | Lair:1   | Reached skill level 10 in Throwing
 11077 | Lair:1   | Noticed a six-headed hydra
 11083 | Lair:1   | Killed a six-headed hydra
 11084 | Lair:1   | Reached XP level 12. HP: 89/108 MP: 11/11
 11135 | Lair:1   | Noticed a four-headed hydra
 11140 | Lair:1   | Killed a four-headed hydra
 11140 | Lair:1   | Noticed a seven-headed hydra
 11151 | Lair:1   | Killed a seven-headed hydra
 11991 | Lair:2   | Noticed a five-headed hydra
 12012 | Lair:2   | Killed a five-headed hydra
 12148 | Lair:2   | Noticed Harold
 12160 | Lair:2   | Killed Harold
 12203 | Lair:2   | Noticed a six-headed hydra
 12209 | Lair:2   | Noticed a five-headed hydra
 12210 | Lair:2   | Reached XP level 13. HP: 23/114 MP: 0/12
 12213 | Lair:2   | Gained mutation: You cannot study or cast Earth magic. [Ru
                  | sacrifice]
 12213 | Lair:2   | Gained mutation: You cannot study or cast Transmutations
                  | magic. [Ru sacrifice]
 12213 | Lair:2   | Gained mutation: You cannot study or cast Translocations
                  | magic. [Ru sacrifice]
 12213 | Lair:2   | Reached ****** piety under Ru
 12222 | Lair:2   | Found a staircase to the Swamp.
 13193 | Lair:2   | Identified the +11 trident of Exquisite Death {freeze,
                  | *Slow rPois Int+9 SInv}
 13310 | Lair:2   | Identified the +5 mace of Dawn {vorpal, rPois}
 13564 | Lair:3   | Found a runed translucent door.
 14858 | Lair:4   | Found a hole to the Spider Nest.
 15175 | Lair:4   | Reached XP level 14. HP: 67/132 MP: 13/13
 15512 | Lair:5   | Noticed Sonja
 15516 | Lair:5   | Killed Sonja
 16498 | Lair:6   | Entered Level 6 of the Lair of Beasts
 16598 | Lair:6   | Found a runed translucent door.
 16598 | Lair:6   | Found a viscous altar of Jiyva.
 16598 | Lair:6   | Found a staircase to the Slime Pits.
 16598 | Lair:6   | Noticed an acid blob
 16598 | Lair:6   | Noticed an acid blob
 16598 | Lair:6   | Noticed an acid blob
 16598 | Lair:6   | Noticed an acid blob
 16610 | Lair:6   | Killed from afar by an acid blob

Illustrated notes

Levels and vault maps discovered:
D:1:      minmay_arrival_doors, layout_rooms, basic_ecumenical_altar,
          minmay_misc_feat_pillars
D:2:      layout_basic, uniq_crazy_yiuf_cottage, uniq_natasha, uniq_robin
D:3:      layout_basic, mainiacjoe_overflow_24_doors,
          nicolae_qazlal_general_emergency, minmay_randomly_rotated_circles,
          uniq_sigmund
D:4:      layout_loops_cross, temple_doors_ab, enter_ossuary_4,
          cheibrodos_sewer_entry_drain, kennysheep_doodads, uniq_edmund
D:5:      layout_basic, lemuel_round_altar,
          mainiacjoe_overflow_concentric_impassable, mainiacjoe_overflow_paths,
          mainiacjoe_overflow_catwalk, beargit_hepliaklqana_dungeon_heroes,
          chequers_serial_rivers_small_3
D:6:      layout_gridville, minivault_14, uniq_eustachio, uniq_maggie,
          uniq_pikel, uniq_duvessa, uniq_grinder
D:7:      minmay_recursive_quarters, layout_loops_ring, cheibriados_altar_1,
          mainiacjoe_overflow_alcove_4
D:8:      layout_loops_cross, nicolae_dithmenos_through_a_glass_darkly,
          nicolae_ru_great_annihilating_truth, hangedman_decor_peaks_small,
          minmay_circle_x
D:9:      layout_cave_pods, mainiacjoe_overflow_boulevard,
          minmay_orc_entry_temple_small, st_stairs_2, nicolae_alphabet_shops,
          lightli_minifort
D:10:     layout_basic, nicolae_overflow_hidden_temple, lemuel_crystal_altar,
          dpeg_oklobed_lair, enter_trove_1
Lair:1:   layout_long_grid, hangedman_lair_generics_rect
Lair:2:   nzn_winding_woodlands_large [nzn_winding_woodlands_5x5_perimeter,
          nzn_winding_woodlands_5x15_crooked, nzn_winding_woodlands_5x5_default,
          nzn_winding_woodlands_center_diamonds,
          nzn_winding_woodlands_15x15_thick_spiral,
          nzn_winding_woodlands_center_pierced_h,
          nzn_winding_woodlands_hourglass,
          nzn_winding_woodlands_5x15_lazy_stream,
          nzn_winding_woodlands_5x5_checkerboard], layout_long_grid,
          swamp_mist_pool, grunt_forest_large_clearings, uniq_harold
Lair:3:   gammafunk_lair_enchanted_lake, layout_regular_city,
          beast_lair_carwin_10
Lair:4:   layout_loops_ring, nicolae_spider_entry_non_spiders,
          grunt_megastairs_2
Lair:5:   layout_gridlike, minmay_lair_oklob_chamber, uniq_sonja
Lair:6:   minmay_lair_end_enchanted_forest, layout_hall_layers, slime_altar_2

Skill      XL: |  1  2  3  4  5  6  7  8  9 10 11 12 13 |
---------------+----------------------------------------+-----
Fighting       | 4 5 6 7 9 10 12 14 | 14.8
Armour         | 4 5 6 7 8 10 12 14 | 14.9
Axes           | 3 4 5 6 8 10 12 14 | 14.9
Throwing       | 3 7 10 | 10.0
Dodging        | 3 8 0 |  0.0
Shields        | |  3.6

Action                   |  1- 3 |  4- 6 |  7- 9 | 10-12 | 13-15 || total
-------------------------+-------+-------+-------+-------+-------++-------
Melee: War axe           |    75 |   119 |   190 |   364 |   301 ||  1049
       Headbutt          |     9 |    24 |    50 |    83 |    93 ||   259
       Whip              |       |       |       |    22 |    56 ||    78
Throw: Stone             |    38 |    99 |   110 |   219 |   176 ||   642
       Boomerang         |       |       |       |    84 |    80 ||   164
Invok: Sacrifice Resista |     1 |       |       |       |       ||     1
       Sacrifice Artific |       |     1 |       |       |       ||     1
       Reject Sacrifices |       |       |     1 |       |       ||     1
       Sacrifice Nimblen |       |       |       |     1 |       ||     1
       Apocalypse        |       |       |       |     2 |       ||     2
       Sacrifice Arcana  |       |       |       |       |     1 ||     1
  Use: Potion            |       |     1 |       |     4 |     3 ||     8
       Scroll            |       |     2 |    17 |     6 |     1 ||    26
 Stab: Invisible         |       |     1 |     1 |     3 |     2 ||     7
       Distracted        |       |       |     1 |     2 |     4 ||     7
       Paralysed         |       |       |       |     2 |     4 ||     6
Armor: Scale mail        |    36 |    20 |       |       |       ||    56
       Chain mail        |       |    28 |    73 |   145 |   148 ||   394
Dodge: Dodged            |    24 |    54 |   108 |   168 |    95 ||   449
Block: Kite shield       |    36 |    61 |   141 |   213 |   146 ||   597

Table legend: (Time is in decaauts)
 A = Elapsed time spent in this place.
 B = Non-inter-level travel time spent in this place.
 C = Inter-level travel time spent in this place.
 D = Time resting spent in this place.
 E = Time spent auto-exploring this place.
 F = Levels seen in this place.
 G = Mean time per level.
                   A        B        C        D        E       F      G
               +--------+--------+--------+--------+--------+-----+--------+
         Total |  17019 |  16647 |    372 |   1955 |  10769 |  18 |  945.5 |
       Dungeon |  10494 |  10300 |    194 |    965 |   7352 |  10 | 1049.4 |
          Lair |   5942 |   5764 |    178 |    861 |   3305 |   6 |  990.3 |
         Sewer |    179 |    179 |      0 |     75 |     65 |   1 |  179.0 |
       Ossuary |    403 |    403 |      0 |     54 |     47 |   1 |  403.0 |
               +--------+--------+--------+--------+--------+-----+--------+

Top non-repeatable levels by time:
  Lair:3: 1444 daAuts
  Lair:2: 1444 daAuts
     D:2: 1358 daAuts
     D:5: 1257 daAuts
     D:7: 1243 daAuts
  Lair:1: 1217 daAuts
     D:3: 1068 daAuts
    D:10: 1067 daAuts
     D:9: 1065 daAuts
  Lair:5: 1003 daAuts
     D:6: 921 daAuts
     D:8: 885 daAuts
     D:1: 850 daAuts
     D:4: 775 daAuts
  Lair:4: 748 daAuts
